 Dungeon Sprint DCSS version 0.31-a0-662-g684573625c (webtiles) character file.

Game seed: 6623275164645563436

1446 dialectric the Imperceptible (level 8, -5/44 HPs)
             Began as a Spriggan Brigand on Sept 1, 2023.
             Killed from afar by a hell hog (27 damage)
             ... with a fireball
             ... in the Dungeon (Sprint II: "The Violet Keep of Menkaure").
             The game lasted 00:01:13 (165 turns).

dialectric the Imperceptible (Spriggan Brigand)      Turns: 165, Time: 00:01:14

Health: -5/44      AC:  3    Str:  9    XL:     8   Next: 46%
Magic:  9/9        EV: 20    Int: 12    God:
Gold:   486        SH:  0    Dex: 17    Spells: 7/7 levels left

rFire   . . .        a - +2 dagger
rCold   . . .        (no shield)
rNeg    . . .        b - +0 robe
rPois   .            (helmet restricted)
rElec   .            c - +0 cloak
rCorr   .            (gloves unavailable)
SInv    +            (boots unavailable)
Will    +....        (no amulet)
Stlth   ++++++++     (no ring)
HPRegen 0.27/turn    (no ring)
MPRegen 0.11/turn

%: no teleportation
@: very quick
A: very small, no large weapons, unfitting armour, see invisible, speed 3
a: no special abilities


You were in the Dungeon.
You visited 1 branch You collected 486 gold pieces.

Inventory:

Hand Weapons
 a - a +2 dagger (weapon)
Missiles
 d - 9 poisoned darts
 e - 2 curare-tipped darts (quivered)
Armour
 b - a +0 robe (worn)
 c - a +0 cloak (worn)
Scrolls
 k - a scroll of blinking
Potions
 f - a potion of curing
 g - a potion of heal wounds
 h - a potion of haste
 i - 2 potions of magic


   Skills:
 + Level 5.7 Fighting
 + Level 9.5 Short Blades
 - Level 2.0 Throwing
 + Level 6.4 Dodging
 + Level 22.4 Stealth


You had 7 spell levels left.
You didn't know any spells.
Your spell library was empty.

Dungeon Overview and Level Annotations

Branches:
Dungeon (1/1)

Altars:
Cheibriados
Dithmenos
Elyvilon
Hepliaklqana
Kikubaaqudgha
Makhleb
Qazlal
Ru
Sif Muna
Trog
Uskayaw
Vehumet
Wu Jian
Xom
Yredelemnul
Zin
The Shining One
Jiyva
Lugonu

Shops:
D ([


Innate Abilities, Weirdness & Mutations

You are very small and have problems with some larger weapons.
You are too small for most types of armour.
You have supernaturally acute eyesight. (SInv)
You cover ground extremely quickly. (Speed+++)


Message History

Found a hazy altar of Hepliaklqana and a snail-covered altar of Cheibriados.
Found a roughly hewn altar of Beogh.
Menkaure shouts!
You hit Menkaure but do no damage.
Menkaure is heavily damaged.
Menkaure barely misses you.
You hit Menkaure.
Menkaure is heavily damaged.
You barely miss Menkaure.
Menkaure is heavily damaged.
Menkaure hits you but does no damage.
You hit Menkaure.
Menkaure is severely damaged.
You hit Menkaure.
Menkaure is severely damaged.
Menkaure rustles, "It doesn't hurt if you pull your brain out of your nose yourself."
Menkaure completely misses you.
You hit Menkaure.
Menkaure is severely damaged.
You hit Menkaure.
Menkaure is almost destroyed.
Menkaure barely misses you.
You hit Menkaure.
You destroy Menkaure!
You enter the shallow water.
Moving in this stuff is going to be slow.
Found nine items.
You open the door.
A hell hog comes into view.
Found a potion of haste.
A hell hog comes into view.
Found 81 gold pieces.
The hell hog squeals angrily. x2
The hell hog completely misses you.
There is an open door here.
You hit the hell hog but do no damage. The hell hog breathes fire at you.
The fireball explodes!
The fireball engulfs you!!
Ouch! That really hurt!
You die...
S≈≈S≈S§≈≈ ≈≈SS≈ #+++#+++## .. .........# .^ ~.##'##..# #. ~##...##.#### +.### ~#.)#..#....# ...# $ ###...####..#####..# $) .###'###.##..#!h@..# !$( ..##.##.# #..#.h#..# ((=! ##†.<.'##$+..####..### $![$(

..##.###3.#....###...##▓▓▓▓▓▓
.###+###3##......~~~~~~~~~~~~
###°#.####~~.....~#+########+
#.B#†.#~~~~~~~..~#._._._..#~
##.#.##~~~~~~~~.~#.._._._.#§
##+##~~~≈≈≈~~§~~#._._._._#~


You could see 2 hell hogs.

Vanquished Creatures
  A boulder beetle (D)
  A merfolk siren (D)
  A neqoxec (D)
  Menkaure (D)
  A water moccasin (D)
  4 necrophages (D)
9 creatures vanquished.

Vanquished Creatures (others)
  A water moccasin (D)
1 creature vanquished.

Grand Total: 10 creatures vanquished

Notes
Turn   | Place    | Note
-------+----------+-------------------------------------------
     0 | D        | dialectric the Spriggan Brigand began the quest for the
                  | Orb.
     0 | D        | Reached XP level 1. HP: 10/10 MP: 2/2
     1 | D        | Noticed a necrophage
     1 | D        | Noticed a necrophage
     1 | D        | Noticed a necrophage
     1 | D        | Noticed a necrophage
    12 | D        | Killed a necrophage
    13 | D        | Reached skill level 11 in Stealth
    13 | D        | Reached XP level 2. HP: 15/15 MP: 3/3
    13 | D        | Reached XP level 3. HP: 18/18 MP: 4/4
    16 | D        | Killed a necrophage
    17 | D        | Reached skill level 13 in Stealth
    17 | D        | Reached XP level 4. HP: 23/23 MP: 5/5
    23 | D        | Killed a necrophage
    24 | D        | Reached skill level 5 in Short Blades
    24 | D        | Reached skill level 15 in Stealth
    24 | D        | Reached XP level 5. HP: 28/28 MP: 6/6
    43 | D        | Reached skill level 16 in Stealth
    47 | D        | Killed a water moccasin
    67 | D        | Noticed a neqoxec
    70 | D        | Killed a neqoxec
    71 | D        | Reached skill level 17 in Stealth
    71 | D        | Reached XP level 6. HP: 33/33 MP: 7/7
    74 | D        | Noticed a merfolk siren
    91 | D        | Killed a merfolk siren
    92 | D        | Reached skill level 5 in Dodging
    92 | D        | Reached skill level 19 in Stealth
    92 | D        | Reached XP level 7. HP: 31/38 MP: 8/8
   103 | D        | Found Hodozabo's Antique Weapon Boutique.
   103 | D        | Found Voletasm's Antique Armour Shop.
   105 | D        | Reached skill level 5 in Fighting
   105 | D        | Reached skill level 20 in Stealth
   114 | D        | Noticed a boulder beetle
   114 | D        | Noticed a boulder beetle
   117 | D        | Killed a boulder beetle
   118 | D        | Reached skill level 22 in Stealth
   118 | D        | Reached XP level 8. HP: 42/44 MP: 9/9
   141 | D        | Found a glowing silver altar of Zin.
   142 | D        | Found a glowing golden altar of the Shining One.
   142 | D        | Found a basalt altar of Yredelemnul.
   142 | D        | Found a hide-covered altar of Uskayaw.
   143 | D        | Found a shimmering altar of Xom.
   143 | D        | Found a bloodstained altar of Trog.
   143 | D        | Noticed Menkaure
   144 | D        | Found an ornate altar of the Wu Jian Council.
   144 | D        | Found a shimmering blue altar of Sif Muna.
   144 | D        | Found a corrupted altar of Lugonu.
   144 | D        | Found a radiant altar of Vehumet.
   144 | D        | Found a burning altar of Makhleb.
   145 | D        | Found a sacrificial altar of Ru.
   145 | D        | Found an ancient bone altar of Kikubaaqudgha.
   145 | D        | Found a white marble altar of Elyvilon.
   146 | D        | Found a stormy altar of Qazlal.
   146 | D        | Found a viscous altar of Jiyva.
   146 | D        | Found a shadowy altar of Dithmenos.
   147 | D        | Found a hazy altar of Hepliaklqana.
   147 | D        | Found a snail-covered altar of Cheibriados.
   157 | D        | Killed Menkaure
   163 | D        | Noticed a hell hog
   164 | D        | Noticed a hell hog
   165 | D        | Killed from afar by a hell hog

Illustrated notes

Levels and vault maps discovered:
D:        the_violet_keep_of_menkaure [sprint2_stairs_cluster_1,
          sprint2_shoproom, sprint2_temple, sprint2_basic_supplies,
          sprint2_obstacle_1, sprint2_obstacle_5, sprint2_obstacle_7,
          sprint2_obstacle_2, sprint2_obstacle_4, sprint2_timed_cluster_1,
          sprint2_smallroom_cluster_1, sprint2_smallroom_final_cluster_1,
          sprint2_transparent_cluster_1, sprint2_second_timed_cluster_1,
          sprint2_sniper_area_1, sprint2_heavy_combat_area_1,
          sprint2_mutation_trap_area_1, sprint2_forest_area_1,
          sprint2_light_combat_area_1, sprint2_behind_water_1,
          sprint2_near_end_vault_1]

Skill      XL: |  1  2  3  4  5  6  7 |
---------------+----------------------+-----
Fighting       | 2 3 4 5 |  5.7
Short Blades   | 3 4 5 6 8 9 |  9.5
Stealth        | 11 13 15 17 19 22 | 22.4
Dodging        | 2 4 5 6 |  6.4
Throwing       | |  2.0

Action                     |  1- 3 |  4- 6 |  7- 9 || total
---------------------------+-------+-------+-------++-------
  Melee: Dagger            |    10 |    39 |    12 ||    61
  Throw: Dart              |       |     3 |       ||     3
    Use: Potion            |     1 |       |       ||     1
   Stab: Sleeping          |       |     1 |     2 ||     3
 Armour: Robe              |     3 |     7 |     4 ||    14
  Dodge: Dodged            |     3 |    18 |     4 ||    25

Table legend: (Time is in decaauts)
 A = Elapsed time spent in this place.
 B = Non-inter-level travel time spent in this place.
 C = Inter-level travel time spent in this place.
 D = Time resting spent in this place.
 E = Time spent auto-exploring this place.
 F = Levels seen in this place.
 G = Mean time per level.
                   A        B        C        D        E       F      G
               +--------+--------+--------+--------+--------+-----+--------+
         Total |    129 |    129 |      0 |     18 |      0 |   1 |  129.0 |
       Dungeon |    129 |    129 |      0 |     18 |      0 |   1 |  129.0 |
               +--------+--------+--------+--------+--------+-----+--------+

Top non-repeatable levels by time:
       D: 129 daAuts
